 Dungeon Crawl Stone Soup version 0.22-a0-351-g29664b4 (webtiles) character file.

115320 VLARC the Thaumaturge (level 16, -11/88 HPs)
             Began as a Vine Stalker Monk on Apr 12, 2018.
             Was the Champion of Ru.
             Killed from afar by a crystal guardian (56 damage)
             ... with a crystal bolt
             ... in the Desolation of Salt.
             The game lasted 01:35:25 (26372 turns).

VLARC the Thaumaturge (Vine Stalker Monk)          Turns: 26372, Time: 01:35:26

Health: -11/88     AC: 24    Str: 19    XL:     16   Next: 68%
Magic:  0/42       EV: 16    Int: 10    God:    Ru [******]
Gold:   2081       SH: 12    Dex: 22    Spells: 39/39 levels left

rFire    + . .     SeeInvis .     - Unarmed
rCold    x . .     Gourm    .   J - +0 buckler of Daisies {rPois}
rNeg     + . .     Faith    .   r - +5 ring mail of Trog's Vengeance {rPois Dex+3}
rPois    +         Spirit   +   I - +1 hat {MR+}
rElec    +         Reflect  +   M - +0 cloak
rCorr    .         Harm     .   C - +2 pair of gloves "Mav Irpheanly" {rElec rC- rN+ MP+9}
MR       +++..                  o - +1 pair of boots
Stlth    ++........             K - amulet "Vuomeu" {Reflect SH+6 Stlth+}
HPRegen  1.04/turn              k - ring of protection from fire
MPRegen  0.28/turn              U - +5 ring of protection

@: no scrolls, very heavily drained
A: fangs 3, regeneration 2, magic shield, antimagic bite, no potion heal 3, rot
immunity, inability to read while threatened, hated by all, unskilled 1,
inexperienced 1
a: Draw Out Power, Power Leap, Apocalypse, Renounce Religion


You were in the Desolation of Salt.
You worshipped Ru.
Ru was exalted by your worship.
You were hungry.

You visited 5 branches of the dungeon, and saw 25 of its levels.
You also visited: Bailey, Ice Cave, Volcano and Desolation.

You collected 2761 gold pieces.
You spent 680 gold pieces at shops.

Inventory:

Hand Weapons
 n - a +1 short sword of electrocution
 O - the +9 fustibalus of Entrepreneurial Spirit {freeze, *Slow +Fly rC+ Str+7}
   (You found it in an ice cave)

   It causes projectiles fired from it to freeze those they strike, causing
   extra injury to most foes and up to half again as much damage against
   particularly susceptible opponents.
   They can also slow down cold-blooded creatures.
   It affects your strength (+7).
   It protects you from cold.
   It lets you fly.
   It may slow you when you take damage.
Missiles
 e - 18 javelins
 g - 687 stones
 h - 32 tomahawks of returning (quivered)
 v - 3 throwing nets
 Y - 6 silver tomahawks
Armour
 o - a +1 pair of boots (worn)
 r - the +5 ring mail of Trog's Vengeance (worn) {rPois Dex+3}
   (You found it on level 7 of the Dungeon)

   It affects your dexterity (+3).
   It protects you from poison.
 C - the +2 pair of gloves "Mav Irpheanly" (worn) {rElec rC- rN+ MP+9}
   (You bought it in a shop on level 2 of the Orcish Mines)

   It makes you vulnerable to cold.
   It insulates you from electricity.
   It protects you from negative energy.
   It affects your magic capacity (+9).
 I - a +1 hat of magic resistance (worn)
 J - the +0 buckler of Daisies (worn) {rPois}
   (You acquired it on level 11 of the Dungeon)

   It protects you from poison.
 M - a +0 cloak (worn)
Jewellery
 i - an uncursed ring of resist corrosion
 k - a ring of protection from fire (left hand)
 m - an uncursed ring of see invisible
 q - an uncursed ring of wizardry
 s - the amulet "Puhoetz" {+Rage rPois rN+ Int-4 Dex+4}
   (You acquired it on level 15 of the Dungeon)

   [amulet of rage]

   It affects your intelligence (-4).
   It affects your dexterity (+4).
   It protects you from poison.
   It protects you from negative energy.
   It lets you go berserk.
 u - a +3 ring of protection
 x - an uncursed ring of stealth
 K - the amulet "Vuomeu" (around neck) {Reflect SH+6 Stlth+}
   (You took it off an ironbrand convoker in the Desolation of Salt)

   [amulet of reflection]

   It shields you and reflects attacks.
   It affects your SH (+6).
   It makes you more stealthy.
 U - a +5 ring of protection (right hand)
Wands
 j - a wand of polymorph (18)
 p - a wand of acid (20)
 L - a wand of iceblast (13)
 Q - a wand of random effects (14)
 R - a wand of flame (24)
 V - a wand of digging (13)
 W - a wand of paralysis (23)
Scrolls
 a - 9 scrolls of identify
 l - 14 scrolls of teleportation
 y - 3 scrolls of enchant weapon
 B - 7 scrolls of remove curse
 F - 6 scrolls of blinking
 X - 3 scrolls of amnesia
 Z - 2 scrolls of fog
Potions
 b - 8 potions of curing
 c - a potion of lignification
 d - 6 potions of flight
 t - 3 potions of berserk rage
 w - 3 potions of invisibility
 z - 2 potions of might
 A - 2 potions of agility
 D - 2 potions of mutation
 E - 2 potions of haste
 G - 2 potions of brilliance
 T - 2 potions of cancellation
Comestibles
 f - 42 rations


   Skills:
 - Level 12.0(8.2) Fighting
 - Level 10.0(6.3) Armour
 - Level 10.0(6.3) Dodging
 - Level 2.1(0.0) Stealth
 + Level 6.2(2.8) Shields
 - Level 12.0(8.1) Unarmed Combat
 - Level 12.1(8.2) Spellcasting


You had 39 spell levels left.
You didn't know any spells.

Dungeon Overview and Level Annotations

Branches:
Dungeon (15/15)            Temple (1/1) D:7            Lair (6/6) D:11
 Shoals (0/4) Lair:4        Snake (0/4) Lair:2        Slime (0/5) Lair:5
    Orc (2/2) D:9             Elf (1/3) Orc:2        Vaults (0/5) D:13
 Depths (0/5) D:15

Altars:
Elyvilon
Gozag
Kikubaaqudgha
Okawaru
Qazlal
Ru
Sif Muna
Trog
Uskayaw
Vehumet
Wu Jian
Xom
Zin
Beogh

Shops:
D:13 }(?   Orc:2 [?[:


Innate Abilities, Weirdness & Mutations

You have razor-sharp teeth.
You heal very quickly.
When hurt, damage is shared between your health and your magic reserves.
Your bite disrupts and absorbs the magic of your enemies.
Potions cannot restore your health.
You are immune to rotting.
You cannot read scrolls while threatened.
You are hated by all.
You are somewhat unskilled. (-1 Apt)
You are somewhat inexperienced. (-2 XL)


Message History

You redirect the crystal guardian's attack!
The crystal guardian fires a crystalline bolt at itself.
The crystal bolt freezes the crystal guardian.
The crystal guardian completely resists.
You hit the crystal guardian but do no damage.
You bite the crystal guardian, but do no damage.
The crystal guardian is moderately damaged.
The crystal guardian misses you.
You hit the crystal guardian but do no damage.
You bite the crystal guardian, but do no damage.
The crystal guardian is moderately damaged.
The crystal guardian hits you!
You feel threatened and lose the ability to read scrolls!
You are too injured to fight recklessly!
You are too injured to fight recklessly!
You are too injured to fight recklessly!
The crystal guardian fires a crystalline bolt at you.
The crystal bolt freezes you!
You feel a terrible chill!
Ouch! That really hurt!
You die...

,,,,,,######..........,,,,.....
,,,,,,######..#.§§...,,,,,.....
,,,,,#######§§.§.§§,,,,,,,.....
,,,,,#######.§§§§.§,,,,,,,.....
,,,,,#######.§§§§§,,§..........
,,,,,#######.§§§§§§,§§§.§......
,,,,,#######§§§§8§,,§§§........
,,,,,#######§§§§§§,,§§§§.......
,,,,,#######§§@§§§§§§§§......8.
,,,,,#######§§§§§§§§§#§........
,,,,,#######§§§§§§§§§..§.....8.
,,,,,#######.§§§§§.§..§.......p
,,,,,##########################
,,,,,##########################
,,,,,##########################
,,,,,##########################
,,,,,##########################


You could see a crystal guardian.

Vanquished Creatures
  Gastronok (D:11)
  An imperial myrmidon (Desolation)
  An orc warlord (Bailey)
  2 fire dragons
  2 ragged hierophants (Desolation)
  4 vault guards (D:13)
  Josephine (D:11)
  11 hydras
  Erolcha (D:12)
  3 peacekeepers (Desolation)
  2 centaur warriors
  3 servants of whispers (Desolation)
  6 two-headed ogres
  A dancing weapon (Elf:1)
  13 death yaks
  2 tengu warriors (D:13)
  An ogre mage (D:15)
  Urug (D:11)
  4 orc high priests (Orc:2)
  A salamander mystic (Volcano)
  An unseen horror (D:15)
  3 deep elf archers (Elf:1)
  6 orc knights
  Pikel (D:4)
  A lindwurm (Lair:6)
  A wolf spider zombie (D:15)
  2 wizards (D:15)
  An ironbrand convoker (Desolation)
  4 oklob plants
  6 orc sorcerers
  2 necromancers
  A cyclops (D:15)
  A salamander (Volcano)
  10 deep elf magi
  A moth of wrath (shapeshifter) (D:15)
  A guardian serpent (Desolation)
  4 molten gargoyles
  An elephant (Lair:1)
  A naga mage (D:15)
  4 ice statues (IceCv)
  3 centaur zombies
  5 black mambas
  5 gargoyles
  A spiny frog (shapeshifter) (D:14)
  2 kobold demonologists
  2 efreet (D:15)
  2 torpor snails
  13 spiny frogs
  A yaktaur (D:13)
  4 rime drakes
  13 komodo dragons
  10 ice devils (IceCv)
  A tengu conjurer (D:13)
  7 trolls
  3 hornets
  14 saltlings (Desolation)
  11 slime creatures
  6 dream sheep
  3 blink frogs
  A meliai zombie (D:15)
  14 hippogriffs
  A shadow (D:15)
  28 yaks
  7 basilisks
  8 wraiths
  4 wyverns
  2 hungry ghosts
  A steam dragon (Lair:6)
  4 vampire mosquitoes (D:15)
  2 wargs
  3 nagas (Lair:2)
  6 water moccasins
  9 porcupines
  4 hell hounds (Lair:6)
  4 ice beasts
  A hornet zombie (D:15)
  31 orc warriors
  2 phantoms
  3 sky beasts
  4 slaves (D:4)
  8 ogres
  A black bear (D:6)
  2 eyes of draining
  13 wolves
  5 boggarts (D:14)
  12 crocodiles
  7 centaurs
  7 big kobolds
  20 bullfrogs
  A water moccasin zombie (D:8)
  3 scorpions
  A wyvern skeleton (D:14)
  9 killer bees
  8 wights
  An electric eel (Lair:5)
  2 howler monkeys
  5 lava snakes (Lair:6)
  3 quasits
  3 hounds
  A bullfrog zombie (D:8)
  8 jellies
  2 draconian simulacra (IceCv)
  3 bullfrog skeletons
  4 centaur skeletons
  17 orc priests
  23 orc wizards
  11 worker ants
  7 iguanas
  A spriggan simulacrum (IceCv)
  2 troll simulacra (IceCv)
  A mummy (D:7)
  A hound skeleton (D:11)
  A howler monkey zombie (D:11)
  8 gnolls
  2 worker ant zombies (D:7)
  12 adders
  3 naga simulacra (IceCv)
  An ogre simulacrum (IceCv)
  3 shadow imps
  An adder skeleton (D:9)
  3 worms
  A dart slug (D:2)
  5 leopard geckos
  70 orcs
  9 giant cockroaches
  16 goblins
  10 hobgoblins
  7 jackals
  7 quokkas
  7 bats
  4 frilled lizards
  3 hobgoblin zombies (D:7)
  2 jackal skeletons (D:4)
  A jackal zombie (D:9)
  31 kobolds
  An orc zombie (D:7)
  8 rats
  A bush (Lair:5)
  8 fungi
  6 plants
781 creatures vanquished.

Vanquished Creatures (others)
  A centaur warrior (D:14)
  An ogre mage (D:13)
  A two-headed ogre (D:14)
  A death yak (Lair:5)
  A wolf spider zombie (D:15)
  A deep elf mage (D:15)
  A spiny frog (Lair:2)
  2 komodo dragons
  A yaktaur (D:13)
  A saltling (Desolation)
  A slime creature (D:12)
  2 yaks
  A hound (D:11)
  A troll simulacrum (IceCv)
  A gnoll (D:5)
  2 orcs
  3 kobolds
  2 fungi
  21 plants
45 creatures vanquished.

Grand Total: 826 creatures vanquished

Notes
Turn   | Place    | Note
-------+----------+-------------------------------------------
     0 | D:1      | VLARC the Vine Stalker Monk began the quest for the Orb.
     0 | D:1      | Reached XP level 1. HP: 11/11 MP: 2/2
   531 | D:1      | Reached XP level 2. HP: 16/16 MP: 3/3
  1325 | D:2      | Reached XP level 3. HP: 11/20 MP: 4/4
  1509 | D:2      | Noticed a hand axe
  1509 | D:2      | Noticed a dagger
  1513 | D:2      | Found a hide-covered altar of Uskayaw.
  2706 | D:2      | Gained mutation: Your natural rate of healing is unusually fast. [Vine Stalker growth]
  2706 | D:2      | Reached XP level 4. HP: 18/24 MP: 3/5
  3061 | D:3      | Found a shimmering altar of Xom.
  3177 | D:3      | Reached skill level 5 in Unarmed Combat
  3726 | D:4      | Reached XP level 5. HP: 24/28 MP: 6/6
  3822 | D:4      | Found an ancient bone altar of Kikubaaqudgha.
  3825 | D:4      | Found a bloodstained altar of Trog.
  3828 | D:4      | Found a deep blue altar of Sif Muna.
  3831 | D:4      | Found a sacrificial altar of Ru.
  3835 | D:4      | Became a worshipper of Ru the Awakened
  3846 | D:4      | Gained mutation: You are somewhat unskilled. (-1 Apt) [Ru sacrifice]
  3846 | D:4      | Reached * piety under Ru
  3846 | D:4      | Reached ** piety under Ru
  3919 | D:4      | Noticed a slave
  3920 | D:4      | Noticed a slave
  3921 | D:4      | Noticed Pikel
  4030 | D:4      | Killed a slave
  4048 | D:4      | Killed a slave
  4342 | D:4      | Reached XP level 6. HP: 23/32 MP: 5/7
  4558 | D:4      | Noticed a slave
  4592 | D:4      | Killed a slave
  4618 | D:4      | Noticed a slave
  4674 | D:4      | Killed a slave
  4768 | D:4      | Killed Pikel
  4768 | D:4      | Reached XP level 7. HP: 22/35 MP: 5/8
  4898 | D:5      | Entered Level 5 of the Dungeon
  5146 | D:5      | Gained mutation: You have razor-sharp teeth. [Vine Stalker growth]
  5146 | D:5      | Reached XP level 8. HP: 40/40 MP: 7/9
  6033 | D:6      | Reached skill level 5 in Fighting
  6129 | D:6      | Gained mutation: You are hated by all. [Ru sacrifice]
  6129 | D:6      | Reached *** piety under Ru
  6792 | D:6      | Reached XP level 9. HP: 48/49 MP: 10/10
  7293 | D:7      | Got an ichor-stained ring mail
  7297 | D:7      | Identified the +5 ring mail of Trog's Vengeance {rPois Dex+3} (You found it on level 7 of the Dungeon)
  7503 | D:7      | Found an opulent altar of Gozag.
  7504 | D:7      | Found a stormy altar of Qazlal.
  7504 | D:7      | Found an ornate altar of the Wu Jian Council.
  7694 | D:7      | Found a staircase to the Ecumenical Temple.
  7705 | Temple   | Entered the Ecumenical Temple
  8200 | D:8      | Gained mutation: You cannot read scrolls while threatened. [Ru sacrifice]
  8200 | D:8      | Reached **** piety under Ru
  8200 | D:8      | Reached ***** piety under Ru
  8358 | D:8      | Noticed a two-headed hydra
  8373 | D:8      | Killed a two-headed hydra
  8373 | D:8      | Reached XP level 10. HP: 46/56 MP: 11/11
  8377 | D:8      | Reached skill level 1 in Armour
  8768 | D:9      | Found a white marble altar of Elyvilon.
  9056 | D:9      | Noticed a green ugly thing
  9342 | D:9      | Reached skill level 5 in Armour
  9392 | D:9      | Found a staircase to the Orcish Mines.
  9814 | D:10     | Entered Level 10 of the Dungeon
  9900 | D:10     | Reached XP level 11. HP: 46/60 MP: 7/12
 10251 | D:10     | Gained mutation: You are somewhat inexperienced. (-2 XL) [Ru sacrifice]
 10251 | D:10     | Reached XP level 10. HP: 53/56 MP: 11/11
 10251 | D:10     | Reached XP level 9. HP: 51/51 MP: 10/10
 10251 | D:10     | Reached ****** piety under Ru
 10361 | D:10     | Noticed a hornet
 10376 | D:10     | Killed a hornet
 10424 | D:10     | Reached skill level 10 in Unarmed Combat
 10523 | D:10     | Reached XP level 10. HP: 49/56 MP: 11/11
 10598 | D:10     | Noticed a gargoyle
 10608 | D:10     | Killed a gargoyle
 11129 | D:11     | Found a flagged portal.
 11170 | D:11     | Paralysed by a hornet for 2 turns
 11188 | Bailey   | Entered a bailey
 11223 | Bailey   | Noticed an orc warlord
 11381 | Bailey   | Found a runed gate.
 11382 | Bailey   | Found a runed gate.
 11388 | Bailey   | Found a runed gate.
 11395 | Bailey   | Noticed an orc knight
 11421 | Bailey   | Killed an orc knight
 11547 | Bailey   | Killed an orc warlord
 11601 | D:11     | Got a scorched leather armour
 11605 | D:11     | Identified the +2 leather armour of Too Many Cooks {*Corrode rElec rC+++ Regen+} (You found it on level 11 of the Dungeon)
 11606 | D:11     | Reached XP level 11. HP: 62/62 MP: 11/23
 11927 | D:11     | Gained mutation: You heal very quickly. [Vine Stalker growth]
 11927 | D:11     | Reached XP level 12. HP: 64/67 MP: 22/24
 11928 | D:11     | Found a staircase to the Lair.
 12057 | D:11     | Reached skill level 10 in Fighting
 12133 | D:11     | Noticed Gastronok
 12145 | D:11     | Killed Gastronok
 12236 | D:11     | Noticed Josephine
 12240 | D:11     | Killed Josephine
 12263 | D:11     | Identified a scroll of acquirement
 12266 | D:11     | Got a shimmering buckler
 12272 | D:11     | Identified the +0 buckler of Daisies {rPois} (You acquired it on level 11 of the Dungeon)
 12401 | D:11     | Noticed Urug
 12411 | D:11     | Killed Urug
 12411 | D:11     | Reached skill level 1 in Shields
 12612 | Lair:1   | Entered Level 1 of the Lair of Beasts
 12748 | Lair:1   | Noticed a six-headed hydra
 12749 | Lair:1   | Found a dark tunnel.
 12750 | Lair:1   | Killed a six-headed hydra
 12758 | Volcano  | Entered a volcano
 12859 | Volcano  | Found a radiant altar of Vehumet.
 12883 | Volcano  | HP: 2/67 [salamander/trident (6)]
 13047 | Lair:1   | Reached skill level 5 in Shields
 13050 | Lair:1   | Noticed a five-headed hydra
 13063 | Lair:1   | Killed a five-headed hydra
 13134 | Lair:1   | Reached XP level 13. HP: 72/72 MP: 25/25
 13816 | Lair:2   | Found a frozen archway.
 13825 | IceCv    | Entered an ice cave
 14822 | IceCv    | Got an encrusted leather armour
 14825 | IceCv    | Got an encrusted fustibalus
 14836 | IceCv    | Identified the +1 leather armour "Xuveonul" {rPois rC+ Str+3 Stlth+} (You found it in an ice cave)
 14842 | IceCv    | Identified the +9 fustibalus of Entrepreneurial Spirit {freeze, *Slow +Fly rC+ Str+7} (You found it in an ice cave)
 15305 | Lair:2   | Found a staircase to the Snake Pit.
 16698 | Lair:4   | Found a staircase to the Shoals.
 16774 | Lair:4   | Got a pair of ichor-stained boots
 16780 | Lair:4   | Identified the +0 pair of boots of Marbles {rElec} (You acquired it on level 4 of the Lair of Beasts)
 16795 | Lair:4   | Reached XP level 14. HP: 77/77 MP: 26/26
 16819 | Lair:4   | Reached skill level 10 in Dodging
 17704 | Lair:5   | Found a staircase to the Slime Pits.
 18104 | Lair:5   | Identified the +5 whip of Plague {slash, *Rage rElec rN+ SInv} (You found it on level 5 of the Lair of Beasts)
 18601 | Lair:6   | Entered Level 6 of the Lair of Beasts
 18649 | Lair:6   | Identified the cursed +0 leather armour of the Yeti {+Inv rF+ Str+6 Dex+4} (You found it on level 6 of the Lair of Beasts)
 19112 | Lair:6   | Reached skill level 10 in Armour
 19662 | Lair:6   | Found a large runed door.
 19663 | Lair:6   | Found a large runed door.
 19724 | Lair:6   | Reached XP level 15. HP: 57/80 MP: 28/28
 20769 | D:12     | Noticed Erolcha
 20780 | D:12     | Killed Erolcha
 21088 | D:13     | Found Hoedaz's Weapon Emporium.
 21181 | D:13     | Found Zaoc's Magic Scroll Boutique.
 21327 | D:13     | Bought a scroll of fog for 34 gold pieces
 21566 | D:13     | Found a gate to the Vaults.
 21836 | D:13     | Found Maremi's Gadget Emporium.
 22840 | D:15     | Entered Level 15 of the Dungeon
 22961 | D:15     | Reached skill level 10 in Spellcasting
 23077 | D:15     | Found a radiant altar of Vehumet.
 23384 | D:15     | Reached XP level 16. HP: 86/86 MP: 31/31
 23387 | D:15     | Found a staircase to the Depths.
 23563 | D:15     | Got a heavily runed emerald amulet
 23564 | D:15     | Identified the amulet "Puhoetz" {+Rage rPois rN+ Int-4 Dex+4} (You acquired it on level 15 of the Dungeon)
 23813 | Orc:1    | Entered Level 1 of the Orcish Mines
 24062 | Orc:2    | Entered Level 2 of the Orcish Mines
 24098 | Orc:2    | Found a roughly hewn altar of Beogh.
 24175 | Orc:2    | Found a staircase to the Elven Halls.
 24869 | Orc:2    | Found Petees's Antique Armour Emporium.
 25179 | Orc:2    | Found Haysesaw's Book Emporium.
 25196 | Orc:2    | Found Gakhlo's Antique Armour Boutique.
 25197 | Orc:2    | Found Tofippol's Magic Scroll Boutique.
 25226 | Orc:2    | Bought a pair of heavily runed gloves for 361 gold pieces
 25226 | Orc:2    | Identified the +2 pair of gloves "Mav Irpheanly" {rElec rC- rN+ MP+9} (You bought it in a shop on level 2 of the Orcish Mines)
 25240 | Orc:2    | Bought a pair of glowing boots for 285 gold pieces
 25788 | Elf:1    | Entered Level 1 of the Elven Halls
 25978 | Elf:1    | Found a ruined gateway.
 25984 | Desolati | Entered the Desolation of Salt
 26177 | Desolati | Got a twitching bronze amulet
 26182 | Desolati | Identified the amulet "Vuomeu" {Reflect SH+6 Stlth+} (You took it off an ironbrand convoker in the Desolation of Salt)
 26372 | Desolati | Killed from afar by a crystal guardian

Vault maps used:
D:1:      lemuel_arrival_lava_pool, minmay_tree_intersection
D:2:      dancing_weapons_uskayaw, grunt_ministairs_3
D:3:      nicolae_overflow_crystal_walls, minivault_24, serial_bayou_pond_a
D:4:      grunt_temple_overflow_cloverleaf, hangedman_abyss_or_decor_stagger,
          hangedman_decor_riveting, uniq_pikel
D:5:      first_ration, minmay_misc_feat_chi, nrook_mini_vaults
D:7:      grunt_temple_overflow_open, minmay_temple_entry_enclosed_plants,
          minmay_mini_ossuary
D:8:      hangedman_ranch
D:9:      old_standard_altar, david_orc_1_choice
D:11:     dpeg_oklobed_lair, lightli_bailey_entry_fortress, uniq_urug,
          uniq_gastronok, uniq_josephine
D:12:     minivault_26, uniq_erolcha
D:13:     grunt_vaults_entry_fortified, serial_shops, shop,
          nicolae_shop_crystal, nicolae_shop_window_shopping
D:15:     grunt_enter_depths_magical_seal, patterned_corridor, lemuel_tele_altar
Temple:   nicolae_temple_hex_pool
Lair:1:   nicolae_volcano_entry_hallway, nzn_random_ring, serial_bayou_shore_b,
          infiniplex_staircase_pool_2
Lair:2:   guppyfry_snake_entry_island, portal_ice_cave_rime,
          minmay_lair_oklob_chamber
Lair:3:   grunt_megastairs_2
Lair:4:   elwin_shoals_entry_rocks
Lair:5:   minmay_slime_entry_pillars, nicolae_quartered_pool_little
Lair:6:   cheibrodos_lair_end_hotspot, st_stairs_9, minivault_19
Orc:2:    st_orc_elflike, basic_altar
Elf:1:    elf_arrival_002, portal_desolation_entry_ruin, orc_legates
Bailey:   bailey_axe_bossmonster_kennysheep, bailey
IceCv:    ice_cave_tombish
Volcano:  kennysheep_volcano_temple

Skill      XL: |  1  2  3  4  5  6  7  8  9 10 11 12 13 14 15 16 |
---------------+-------------------------------------------------+-----
Fighting       | 3 2 3 6 8 9 10 12 | 12.0
Unarmed Combat | 4 5 8 10 9 11 12 | 12.0
Dodging        | 6 9 10 | 10.0
Armour         | 5 6 10 | 10.0
Spellcasting   | 7 8 10 12 | 12.1
Shields        | 5 6 |  6.2
Stealth        | |  2.1

Action                   |  1- 3 |  4- 6 |  7- 9 | 10-12 | 13-15 | 16-18 || total
-------------------------+-------+-------+-------+-------+-------+-------++-------
Melee: Unarmed           |   120 |   226 |   345 |   582 |  1530 |   423 ||  3226
       Bite              |    42 |    63 |   138 |   256 |   821 |   196 ||  1516
       Punch             |     4 |     3 |    19 |    18 |       |       ||    44
       Short sword       |       |       |       |       |     5 |       ||     5
Throw: Stone             |    12 |    41 |       |       |       |       ||    53
       Javelin           |       |    18 |    32 |    11 |       |       ||    61
       Tomahawk          |       |       |     2 |    16 |    16 |     2 ||    36
Invok: Sacrifice Skill   |       |     1 |       |       |       |       ||     1
       Sacrifice Love    |       |       |     1 |       |       |       ||     1
       Apocalypse        |       |       |     2 |     8 |    13 |     7 ||    30
       Sacrifice Words   |       |       |     1 |       |       |       ||     1
       Sacrifice Experie |       |       |     1 |       |       |       ||     1
       Power Leap        |       |       |       |     7 |    16 |     1 ||    24
       Draw Out Power    |       |       |       |     1 |     1 |     1 ||     3
Evoke: Wand              |       |       |       |     1 |       |     2 ||     3
  Use: Scroll            |     4 |     5 |     8 |    12 |    11 |     7 ||    47
       Potion            |       |       |       |     2 |       |     2 ||     4
 Stab: Sleeping          |     2 |     2 |     1 |     5 |     3 |     1 ||    14
       Paralysed         |       |       |     4 |    19 |    52 |     4 ||    79
       Distracted        |       |       |     3 |     3 |    15 |     3 ||    24
       Invisible         |       |       |     3 |     3 |    23 |     7 ||    36
  Eat: Chunk             |     5 |     7 |    13 |    13 |    25 |     6 ||    69
       Ration            |       |       |       |     1 |     3 |     1 ||     5
Armor: Robe              |    13 |    13 |       |       |       |       ||    26
       Ring mail         |       |    37 |    69 |   152 |   351 |   120 ||   729
Dodge: Dodged            |    50 |   111 |   152 |   315 |   808 |   225 ||  1661
Block: Buckler           |       |       |       |    14 |   286 |    97 ||   397

Table legend:
 A = Spawn XP
 B = Non-spawn XP
 C = Spawn XP percentage of total XP
 D = Spawn monster count
 E = Non-spawn monster count
 F = Spawn count percentage of total count
 G = Total turns spent on level
                    A         B        C        D         E        F      G
               +---------+---------+-------+---------+---------+-------+---------
         Total |       0 |  163814 |   0.0 |       0 |     778 |   0.0 | 26372
               +---------+---------+-------+---------+---------+-------+---------
           D:1 |       0 |      36 |   0.0 |       0 |      22 |   0.0 |  1766
           D:2 |       0 |      71 |   0.0 |       0 |      23 |   0.0 |  1231
           D:3 |       0 |      56 |   0.0 |       0 |      13 |   0.0 |   709
           D:4 |       0 |     927 |   0.0 |       0 |      23 |   0.0 |  1192
           D:5 |       0 |     534 |   0.0 |       0 |      13 |   0.0 |  1069
           D:6 |       0 |     749 |   0.0 |       0 |      21 |   0.0 |   934
           D:7 |       0 |     554 |   0.0 |       0 |      28 |   0.0 |   891
           D:8 |       0 |    3638 |   0.0 |       0 |      34 |   0.0 |  1091
           D:9 |       0 |    2698 |   0.0 |       0 |      38 |   0.0 |  1176
          D:10 |       0 |    3179 |   0.0 |       0 |      30 |   0.0 |  1095
          D:11 |       0 |    9592 |   0.0 |       0 |      61 |   0.0 |  1179
          D:12 |       0 |    5577 |   0.0 |       0 |      22 |   0.0 |   749
          D:13 |       0 |   12723 |   0.0 |       0 |      37 |   0.0 |  1067
          D:14 |       0 |    5989 |   0.0 |       0 |      32 |   0.0 |   770
          D:15 |       0 |   19195 |   0.0 |       0 |      42 |   0.0 |   834
        Lair:1 |       0 |    6096 |   0.0 |       0 |      26 |   0.0 |   857
        Lair:2 |       0 |   11619 |   0.0 |       0 |      42 |   0.0 |   933
        Lair:3 |       0 |    3574 |   0.0 |       0 |      19 |   0.0 |  1061
        Lair:4 |       0 |    4025 |   0.0 |       0 |      11 |   0.0 |  1149
        Lair:5 |       0 |   10021 |   0.0 |       0 |      30 |   0.0 |   873
        Lair:6 |       0 |   18857 |   0.0 |       0 |      49 |   0.0 |  1569
         Orc:1 |       0 |    2123 |   0.0 |       0 |      20 |   0.0 |   492
         Orc:2 |       0 |   10665 |   0.0 |       0 |      51 |   0.0 |  1483
         Elf:1 |       0 |    7590 |   0.0 |       0 |      13 |   0.0 |   196
        Bailey |       0 |    2585 |   0.0 |       0 |      25 |   0.0 |   395
         IceCv |       0 |    5918 |   0.0 |       0 |      25 |   0.0 |  1063
       Volcano |       0 |    1303 |   0.0 |       0 |       2 |   0.0 |   158
    Desolation |       0 |   13920 |   0.0 |       0 |      26 |   0.0 |   388
               +---------+---------+-------+---------+---------+-------+---------
